 Dungeon Crawl Stone Soup version 0.28.0 (webtiles) character file.

Game seed: 17233128528288532604

5516 dolemite99 the Basher (level 10, -1/79 HPs)
             Began as a Demonspawn Fighter on Feb 13, 2022.
             Was a High Priest of Kikubaaqudgha.
             Succumbed to a meliai's poison
             ... on level 9 of the Dungeon.
             The game lasted 00:10:11 (11306 turns).

dolemite99 the Basher (Demonspawn Fighter)         Turns: 11306, Time: 00:10:12

Health: -1/79      AC: 19    Str: 21    XL:     10   Next: 43%
Magic:  19/19      EV:  7    Int: 10    God:    Kikubaaqudgha [*****.]
Gold:   544        SH: 11    Dex: 14    Spells: 8/9 levels left

rFire   . . .      SeeInvis .   b - +1 whip (elec)
rCold   . . .      Faith    .   d - +2 buckler
rNeg    . . .      Spirit   .   x - +0 chain mail
rPois   .          Reflect  +   (helmet restricted)
rElec   +          Harm     .   (no cloak)
rCorr   .          Rampage  .   v - +2 pair of gloves
Will    .....      Clarity  +   i - +2 pair of boots
Stlth   ..........              l - amulet of reflection
HPRegen 0.23/turn               f - ring of magical power
MPRegen 0.16/turn               (no ring)

@: lethally poisoned (-1 -> -68), about to teleport
A: horns 1, molten scales 2, demonic guardian 2, spiny 1, beak, agile 1,
clarity, electricity resistance
a: Renounce Religion, Receive Corpses, Torment


You were on level 9 of the Dungeon.
You worshipped Kikubaaqudgha.
Kikubaaqudgha was extremely pleased with you.
You visited 1 branch of the dungeon, and saw 9 of its levels.
You also visited: Sewer and Ossuary.

You collected 572 gold pieces.
You spent 28 gold pieces at shops.

Inventory:

Hand Weapons
 a - a +3 whip of flaming
 b - a +1 whip of electrocution (weapon)
 e - a +0 war axe
 o - a +0 short sword of flaming
Missiles
 t - 125 stones
 B - 23 bolts
 C - 7 boomerangs
 J - 3 javelins (quivered)
Armour
 c - a +0 buckler
 d - a +2 buckler (worn)
 i - a +2 pair of boots (worn)
 v - a +2 pair of gloves (worn)
 x - a +0 chain mail (worn)
 G - +0 steam dragon scales
Jewellery
 f - a ring of magical power (left hand)
 l - an amulet of reflection (around neck)
 H - a ring of positive energy
Wands
 s - a wand of iceblast (6)
Scrolls
 g - 2 scrolls of magic mapping
 h - 3 scrolls of blinking
 n - a scroll of fear
 p - 3 scrolls of teleportation
 r - 3 scrolls of silence
 y - a scroll of fog
Potions
 j - 2 potions of ambrosia
 m - 4 potions of curing
 q - 3 potions of flight
 u - 2 potions of degeneration
 z - a potion of attraction {unknown}
 A - a potion of haste
 D - 2 potions of invisibility {unknown}
 E - a potion of magic
 F - 2 potions of lignification {unknown}
 I - a potion of brilliance {unknown}


   Skills:
 + Level 7.0 Fighting
 - Level 2.4(7.8) Axes
 - Level 11.6(11.7) Maces & Flails
 + Level 6.4 Armour
 - Level 2.6 Shields


You had 8 spell levels left.
You knew the following spells:

 Your Spells              Type           Power      Damage    Failure   Level
a - Animate Skeleton      Necr           0%         N/A       99%         1

Your spell library contained the following spells:

 Spells                   Type           Power      Damage    Failure   Level
 Pain                     Necr           0%         1d4       99%         1
 Corpse Rot               Necr/Air       0%         N/A       99%         2
 Confusing Touch          Hex            0%         N/A       100%        3
 Ignite Poison            Fire/Tmut/Pois 0%         N/A       100%        3
 Spider Form              Tmut/Pois      0%         N/A       100%        3
 Anguish                  Hex/Necr       0%         N/A       100%        4
 Animate Armour           Summ/Erth      0%         N/A       100%        4
 Animate Dead             Necr           0%         N/A       100%        4
 Dispel Undead            Necr           0%         3d6       100%        4
 Hailstorm                Conj/Ice       0%         3d3       100%        4
 Ice Form                 Ice/Tmut       0%         N/A       100%        4
 Leda's Liquefaction      Hex/Erth       0%         N/A       100%        4
 Agony                    Necr           0%         N/A       100%        5
 Alistair's Intoxication  Tmut/Pois      0%         N/A       100%        5
 Blade Hands              Tmut           0%         N/A       100%        5
 Excruciating Wounds      Necr           0%         N/A       100%        5
 Lee's Rapid Deconstruct  Erth           0%         3d5*      100%        5
 Yara's Violent Unravell  Hex/Tmut       0%         3d3       100%        5
 Death Channel            Necr           0%         N/A       100%        6
 Iron Shot                Conj/Erth      0%         9d1       100%        6
 Simulacrum               Ice/Necr       0%         N/A       100%        6
 Statue Form              Tmut/Erth      0%         N/A       100%        6
 Enfeeble                 Hex            0%         N/A       100%        7


Dungeon Overview and Level Annotations

Branches:
Dungeon (9/15)             Temple (0/1) D:6           Sewer (visited)
Ossuary (visited)
   Lair: D:8-11         Orc: D:9-12

Altars:
Kikubaaqudgha
Trog
Uskayaw

Shops:
D:5 *

Annotations:
D:5 2 transporters, AlmostDecent's ghost, novice GrHu
D:8 1 runed translucent door, Vidar99's ghost, novice HOFi


Innate Abilities, Weirdness & Mutations

You have a pair of small horns on your head.
You are mostly covered in molten scales. (AC +3)
A demonic guardian rushes to your aid.
You are partially covered in sharp spines.
You have a beak for a mouth.
You are agile. (Dex +2)
You possess an exceptional clarity of mind.
You are resistant to electric shocks. (rElec)


Message History

The meliai stings you but does no damage.
The centaur unwields a +0 shortbow.
You block the centaur's attack.
The centaur kicks you but does no damage.
You hit the centaur.
The centaur is lightly wounded.
You feel very sick. The meliai barely misses you. The meliai stings you.
You are more poisoned.
The meliai poisons you!
You hit the centaur.
The centaur is moderately wounded.
You feel very sick. You block the meliai's attack. x2
The centaur hits you but does no damage.
The centaur barely misses you.
The meliai invokes the aid of its god against you.
Something smites you! The meliai is struck by your spines.
The meliai hits you but does no damage. The meliai stings you.
You are lethally poisoned!
The meliai poisons you! You block the meliai's attack. The meliai stings you.
You are more poisoned.
The meliai poisons you!
You hit the centaur. You headbutt the centaur!
You peck the centaur, but do no damage.
The centaur is almost dead.
* * * LOW HITPOINT WARNING * * *
You feel extremely sick. The centaur is struck by your spines.
You kill the centaur!
Kikubaaqudgha accepts your kill. The meliai is struck by your spines.
The meliai hits you but does no damage.
The meliai stings you but does no damage.
The meliai hits you with a +0 war axe!
* * * LOW HITPOINT WARNING * * *
A demonic guardian appears!
You block the meliai's attack.
Your Fighting skill increases to level 7!
As you read the scroll of teleportation, it crumbles to dust.
You feel strangely unstable.
You die...
Kikubaaqudgha rasps: "You have failed me!
Welcome... death!"

..# ..# ......
..########
....######
.........[
.........
#.######## .......
#.# .....# #.#
#.###...###.#
#.######
#...yy......#
#......#########@y#
######.........4..#
###########.......
########


You could see 3 meliai and a friendly ice devil (summoned).

Vanquished Creatures
  A tengu warrior (D:8)
  Pikel (D:5)
  Maggie (D:7)
  A kobold demonologist (D:6)
  A tengu conjurer (D:8)
  Grinder (D:4)
  A slime creature (D:9)
  3 steam dragons
  Menkaure (D:4)
  A water moccasin (D:3)
  An ice beast (D:7)
  A hornet zombie (D:8)
  A necrophage (D:5)
  2 ogres
  3 lemures
  2 centaurs
  2 elf zombies (Ossuary)
  A bullfrog (Sewer)
  A wyvern zombie (D:7)
  2 scorpions
  A wyvern skeleton (D:7)
  4 wights (D:9)
  2 electric eels (D:6)
  A howler monkey (D:6)
  5 centaur zombies
  4 hounds
  A jelly (D:8)
  4 orc priests
  2 centaur skeletons
  Jessica (D:2)
  Terence (D:2)
  5 orc wizards
  2 hound zombies (Ossuary)
  A howler monkey zombie (D:7)
  3 mummies (Ossuary)
  A gnoll (D:5)
  5 adders
  A shadow imp (D:5)
  2 ufetubi
  3 adder zombies (Ossuary)
  2 worms
  4 dart slugs
  19 orcs
  18 ball pythons
  6 bats
  8 endoplasms
  7 giant cockroaches
  6 goblins
  5 hobgoblins
  5 jackals
  8 quokkas
  14 frilled lizards
  3 goblin zombies
  2 hobgoblin zombies (Ossuary)
  6 jackal zombies (Ossuary)
  4 kobolds
  3 kobold zombies (Ossuary)
  An orc zombie (Ossuary)
  8 quokka zombies
  11 rats
  4 rat zombies (Ossuary)
221 creatures vanquished.

Vanquished Creatures (collateral kills)
  Maurice (D:9)
  A bullfrog (Sewer)
  2 orc priests
  2 orc wizards (D:8)
  2 adders (Sewer)
  3 orcs
  A jackal (D:1)
  A quokka (Sewer)
  A ball python (Sewer)
14 creatures vanquished.

Vanquished Creatures (others)
  6 plants (D:5)
6 creatures vanquished.

Grand Total: 241 creatures vanquished

Notes
Turn   | Place    | Note
-------+----------+-------------------------------------------
     0 | D:1      | dolemite99 the Demonspawn Fighter began the quest for the
                  | Orb.
     0 | D:1      | Reached XP level 1. HP: 18/18 MP: 1/1
   140 | D:1      | Gained mutation: A weak demonic guardian rushes to your
                  | aid. [demonic ancestry]
   140 | D:1      | Reached XP level 2. HP: 14/24 MP: 2/2
   433 | D:1      | Reached skill level 1 in Maces & Flails
   571 | D:1      | Found a faded altar of an unknown god.
   626 | D:1      | Prayed at the altar of an unknown god.
   626 | D:1      | Became a worshipper of Kikubaaqudgha
   626 | D:1      | Reached * piety under Kikubaaqudgha
   626 | D:1      | Received a gift from Kikubaaqudgha
   646 | D:1      | Reached XP level 3. HP: 27/29 MP: 3/3
   828 | D:2      | Reached skill level 2 in Maces & Flails
  1000 | D:2      | Noticed Terence
  1013 | D:2      | Killed Terence
  1382 | D:2      | Gained mutation: A demonic guardian rushes to your aid.
                  | [demonic ancestry]
  1382 | D:2      | Reached XP level 4. HP: 35/35 MP: 4/4
  1386 | D:2      | Got Xiorch's Catalogue of the Volcanoes and Intoxication
  1443 | D:2      | Noticed Jessica
  1447 | D:2      | Killed Jessica
  1448 | D:2      | Reached skill level 3 in Maces & Flails
  1689 | D:2      | Found a hide-covered altar of Uskayaw.
  1917 | D:3      | Reached ** piety under Kikubaaqudgha
  2091 | D:3      | Found a glowing drain.
  2105 | Sewer    | Entered a sewer
  2349 | Sewer    | Reached XP level 5. HP: 25/41 MP: 5/5
  2490 | Sewer    | Reached skill level 4 in Maces & Flails
  2761 | Sewer    | Reached skill level 5 in Maces & Flails
  2761 | Sewer    | Gained mutation: You are partially covered in sharp spines.
                  | [demonic ancestry]
  2761 | Sewer    | Reached XP level 6. HP: 12/47 MP: 6/6
  3311 | D:3      | Reached *** piety under Kikubaaqudgha
  3311 | D:3      | Received a gift from Kikubaaqudgha
  3595 | D:3      | Noticed a water moccasin
  3601 | D:3      | Killed a water moccasin
  3602 | D:3      | Reached skill level 6 in Maces & Flails
  4062 | D:4      | Noticed Menkaure
  4069 | D:4      | Killed Menkaure
  4070 | D:4      | Gained mutation: You have a pair of small horns on your
                  | head. [demonic ancestry]
  4070 | D:4      | Reached XP level 7. HP: 37/52 MP: 7/7
  4173 | D:4      | Reached skill level 7 in Maces & Flails
  4510 | D:4      | Found a bloodstained altar of Trog.
  4634 | D:5      | Entered Level 5 of the Dungeon
  4640 | D:5      | Noticed Grinder
  4654 | D:4      | Paralysed by Grinder for 7 turns
  4664 | D:4      | Killed Grinder
  5186 | D:4      | Reached skill level 8 in Maces & Flails
  5542 | D:5      | Gained mutation: You are resistant to electric shocks.
                  | (rElec) [potion of mutation]
  5542 | D:5      | Gained mutation: You possess an exceptional clarity of
                  | mind. [potion of mutation]
  5542 | D:5      | Gained mutation: You are agile. (Dex +2) [potion of
                  | mutation]
  5542 | D:5      | Gained mutation: You have a beak for a mouth. [potion of
                  | mutation]
  5564 | D:4      | Gained mutation: You are partially covered in molten
                  | scales. (AC +2) [demonic ancestry]
  5564 | D:4      | Reached XP level 8. HP: 43/58 MP: 8/8
  5782 | D:5      | Noticed Pikel
  5874 | D:5      | Killed Pikel
  5875 | D:5      | Reached skill level 9 in Maces & Flails
  6039 | D:5      | Reached skill level 10 in Maces & Flails
  6226 | D:5      | Found Cayren's General Store.
  6234 | D:5      | Bought a scroll of fog for 28 gold pieces
  6380 | D:5      | Learned a level 1 spell: Animate Skeleton
  6457 | D:5      | Found a transporter.
  6457 | D:5      | Found a transporter.
  6459 | D:5      | Identified the +0 trident "Kisiuvav" {venom, *Slow Int+5
                  | SInv}
  6459 | D:5      | Identified the +2 ring mail of Cynicism {Stlth+}
  6465 | D:5      | Identified the ring "Imecra Keig" {rF+ rC+ rN+ SInv}
  6467 | D:5      | Noticed AlmostDecent's ghost (novice GrHu)
  6655 | D:6      | Found a staircase to the Ecumenical Temple.
  6922 | D:6      | Noticed a kobold demonologist
  6939 | D:6      | Killed a kobold demonologist
  6940 | D:6      | Reached XP level 9. HP: 61/63 MP: 9/9
  7032 | D:6      | Reached skill level 11 in Maces & Flails
  7035 | D:6      | Reached **** piety under Kikubaaqudgha
  8271 | D:7      | Found a sand-covered staircase.
  8395 | Ossuary  | Entered an ossuary
  8669 | Ossuary  | Reached ***** piety under Kikubaaqudgha
  8883 | D:7      | Noticed Maggie
  8903 | D:7      | Killed Maggie
  9441 | D:7      | Reached skill level 5 in Fighting
  9681 | D:8      | Found a runed translucent door.
  9681 | D:8      | Noticed Vidar99's ghost (novice HOFi)
  9719 | D:8      | Reached skill level 5 in Armour
  9719 | D:8      | Gained mutation: You are mostly covered in molten scales.
                  | (AC +3) [demonic ancestry]
  9719 | D:8      | Reached XP level 10. HP: 70/74 MP: 10/10
  9841 | D:8      | Noticed a tengu warrior
  9858 | D:8      | Killed a tengu warrior
 10715 | D:9      | Noticed Maurice
 10750 | D:9      | Killed Maurice
 11306 | D:9      | Succumbed to a meliai's poison

Illustrated notes

Levels and vault maps discovered:
D:1:      minmay_arrival_checkered_box, layout_rooms,
          shapermc_ecumenical_altar_ellora, minmay_split_cup_small
D:2:      layout_basic, basic_altar, uniq_jessica, uniq_terence
D:3:      layout_basic, portal_sewer_entry_a, serial_corexii_hall,
          chequers_hall_statues_y, chequers_hall_statues_corner_a
D:4:      layout_loops_ring, lightli_temple_of_fire, uniq_menkaure
D:5:      cheibrodos_helix_gallery, layout_rooms, gammafunk_ghost_gnarly_gnolls,
          serial_shops, nicolae_shop_advertising_works
          [nicolae_subvault_shop_adworks], kennysheep_cross_bottleneck,
          kennysheep_flooded_box, uniq_pikel, uniq_grinder
D:6:      kennysheep_big_flooded_room, layout_layer_cave,
          minmay_temple_entry_wispy
D:7:      layout_layer_cave, enter_ossuary_4, uniq_maggie
D:8:      layout_rooms, hellmonk_ghost_happy_afterlife
D:9:      layout_loops_ring, wad_mini_maze, uniq_erolcha, uniq_psyche,
          uniq_maurice, uniq_prince_ribbit1

Skill      XL: |  1  2  3  4  5  6  7  8  9 10 |
---------------+-------------------------------+-----
Axes           | 2 |  2.4
Maces & Flails | 1 2 3 5 6 8 10 11 | 11.6
Armour         | 5 6 |  6.4
Fighting       | 5 7 |  7.0
Shields        | |  2.6

Action                   |  1- 3 |  4- 6 |  7- 9 | 10-12 || total
-------------------------+-------+-------+-------+-------++-------
Melee: War axe           |    13 |       |       |       ||    13
       Whip              |    61 |   191 |   313 |    51 ||   616
       Headbutt          |       |       |    75 |    14 ||    89
       Peck              |       |       |    48 |    14 ||    62
Throw: Dart              |     8 |       |       |       ||     8
       Stone             |     1 |       |    34 |       ||    35
       Javelin           |       |       |    18 |     3 ||    21
Evoke: Wand              |       |       |     4 |       ||     4
  Use: Potion            |       |     5 |     5 |     2 ||    12
       Scroll            |       |       |    12 |     4 ||    16
 Stab: Distracted        |       |       |       |     1 ||     1
Armor: Scale mail        |    36 |    82 |     9 |       ||   127
       Chain mail        |       |       |    93 |    24 ||   117
Dodge: Dodged            |    37 |   123 |    69 |    10 ||   239
Block: Buckler           |    18 |    62 |    93 |    31 ||   204
       Reflection        |       |       |     1 |       ||     1
